 Dungeon Crawl Stone Soup version 5.6-49-g8abd877 (webtiles) character file.

12 HarryHood the Basher (level 9, -5/83 HPs) *CASUAL*
             Began as a Minotaur Berserker on Oct 28, 2018.
             Was an Elder of Trog.
             Slain by a two-headed ogre
             ... wielding a +0 quarterstaff
              (17 damage)
             ... on level 7 of the Dungeon.
             The game lasted 00:16:00 (4701 turns).

HarryHood the Basher (Minotaur Berserker)           Turns: 4701, Time: 00:16:00

Health: -5/83      AC: 11 (34%)Str: 24  XL:     9   Next: 79%
Magic:  10/10      EV:  8    Int:  4    God:    Trog [4*[100]]
Gold:   410        SH:  4    Dex: 11    Spells: 12/12 levels left

rFire    . . .     SeeInvis .   a - +0 flail (devast)
rCold    . . .     Faith    .   l - +0 buckler
rNeg     . . .     Spirit   .   k - +0 chain mail
rPois    .         Reflect  .   (helmet restricted)
rElec    .                      e - +0 cloak
rCorr    +                      (no gloves)
MR       .....                  j - +0 pair of boots
Stlth    ..........             (no amulet)
Regen    0.3/turn               g - ring of resist corrosion
MPRegen  0.2/turn               (no ring)

@: no status effects
A: retaliatory headbutt, horns 2
a: Berserk, Trog's Hand, Brothers in Arms, Renounce Religion


You were on level 7 of the Dungeon.
You worshipped Trog.
Trog was greatly pleased with you.
You were not hungry.

You visited 1 branch of the dungeon, and saw 7 of its levels.
You also visited: Sewer.

You collected 410 gold pieces.

Inventory:

Hand Weapons
 a - a +0 flail of devastation (weapon)
Armour
 e - a +0 cloak (worn)
 j - a +0 pair of boots (worn)
 k - a +0 chain mail (worn)
 l - a +0 buckler (worn)
Jewellery
 g - a ring of resist corrosion (left hand)
Wands
 v - a wand of digging (9)
Scrolls
 b - 2 scrolls of enchant weapon
 f - 2 scrolls of blinking {@r7}
 h - a scroll of magic mapping {@r5}
 i - 8 scrolls of teleportation {@r0}
 o - a scroll of fog
Potions
 c - 2 potions of mutation
 d - 2 potions of lignification
 n - 2 potions of cancellation


   Skills:
 - Level 9.3 Fighting
 * Level 13.8 Maces & Staves
 - Level 2.4 Armour
 - Level 2.1 Dodging
 + Level 3.3 Shields


You had 12 spell levels left.
You didn't know any spells.
Your spell library contained the following spells:

 Spells                   Type           Power        Failure   Level  Hunger
 Olgreb's Toxic Radiance  Hex            0 (100)      100%        5    N/A
 Sublimation of Blood     Necr           0 (200)      100%        2    N/A
 Ignite Poison            Fire/Tmut      0 (100)      100%        3    N/A
 Alistair's Intoxication  Tmut           0 (100)      100%        5    N/A
 Petrify                  Tmut/Erth      0 (100)      100%        4    N/A
 Leda's Liquefaction      Hex/Erth       0 (200)      100%        4    N/A
 Summon Hydra             Summ           0 (200)      100%        7    N/A
 Summon Forest            Summ/Tloc      0 (200)      100%        5    N/A
 Hydra Form               Tmut           0 (200)      100%        6    N/A
 Irradiate                Tmut           0 (200)      100%        5    N/A

Dungeon Overview and Level Annotations

Branches:
Dungeon (7/15)

Altars:
Cheibriados
Dithmenos
Gozag
Jiyva
Kikubaaqudgha
Lugonu
Makhleb
Nemelex Xobeh
Okawaru
Qazlal
Ru
Sif Muna
Trog
Uskayaw
Vehumet
Xom
Yredelemnul
Zin
The Shining One


Innate Abilities, Weirdness & Mutations

You reflexively headbutt those who attack you in melee.
You have a pair of horns on your head.


Message History

You take 7 damage, and have 23/83 hp.
You hit the two-headed ogre (6).
The blow is devastating (2)!
The spiny frog skeleton hits you (10)!
* * * LOW HITPOINT WARNING * * *
The two-headed ogre hits you but does no damage.
The two-headed ogre hits you with a +0 quarterstaff (3).
* * * LOW HITPOINT WARNING * * *
The spiny frog skeleton hits you (8)!
* * * LOW HITPOINT WARNING * * *
You take 20 damage, and have 3/83 hp.
MASSIVE DAMAGE!!
You feel much better.
The two-headed ogre hits you with a +0 quarterstaff (15)!
* * * LOW HITPOINT WARNING * * *
The two-headed ogre hits you with a +0 quarterstaff (6).
* * * LOW HITPOINT WARNING * * *
The spiny frog skeleton barely misses you.
You regained 9 hp, and now have 12/83 hp.
You barely miss the two-headed ogre.
The two-headed ogre hits you with a +0 quarterstaff (17)!
You die...

.....).....##
###..)......# .....
###.........# .....
..........#... ###.....
.........## # ........
.......#.### #.....#
...........#####.....
.................#####
......###.#....?@O...#
....#.# #.##....Z#......
....#.. #.....##........
....###...#.#.####......
.......#..#.#.# ......
.....# ...#...# ...##
.....###....### ####
......#.... ###........


You could see a two-headed ogre and a spiny frog skeleton.

Vanquished Creatures
  2 orc warriors
  A black bear (D:6)
  An ogre (D:6)
  2 centaurs
  3 gnoll sergeants
  A scorpion (D:6)
  A jelly (D:6)
  A bullfrog skeleton (D:3)
  A centaur skeleton (D:4)
  A gnoll shaman (D:5)
  3 orc priests
  Crazy Yiuf (D:3)
  7 orc wizards
  5 worker ants
  A howler monkey skeleton (D:6)
  16 gnolls
  9 adders
  A shadow imp (D:5)
  8 oozes
  An adder skeleton (D:4)
  6 dart slugs
  13 orcs
  7 quokkas
  10 giant cockroaches
  7 goblins
  13 hobgoblins
  10 jackals
  2 kobolds (D:1)
  2 ball pythons (D:1)
  6 bats
  9 frilled lizards
  12 rats
163 creatures vanquished.

Notes
Turn   | Place    | Note
-------+----------+-------------------------------------------
     0 | D:1      | HarryHood the Minotaur Berserker began the quest for the Orb.
     0 | D:1      | Reached XP level 1. HP: 19/19 MP: 1/1
    49 | D:1      | Reached skill level 4 in Maces & Staves
    97 | D:1      | Reached XP level 2. HP: 26/26 MP: 2/2
   171 | D:1      | Reached skill level 5 in Maces & Staves
   199 | D:1      | Reached XP level 3. HP: 29/31 MP: 3/3
   522 | D:2      | Found a basalt altar of Yredelemnul.
   543 | D:2      | Reached skill level 6 in Maces & Staves
   543 | D:2      | Reached XP level 4. HP: 37/39 MP: 4/4
   615 | D:2      | Found a shimmering altar of Xom.
   629 | D:2      | Reached skill level 4 in Fighting
   643 | D:2      | Found a viscous altar of Jiyva.
   645 | D:2      | Found an opulent altar of Gozag.
   645 | D:2      | Found a glowing golden altar of the Shining One.
   645 | D:2      | Found a stormy altar of Qazlal.
   645 | D:2      | Found an ancient bone altar of Kikubaaqudgha.
   645 | D:2      | Found a radiant altar of Vehumet.
   646 | D:2      | Found a snail-covered altar of Cheibriados.
   680 | D:2      | Reached ** piety under Trog
   684 | D:2      | Found a hide-covered altar of Uskayaw.
   702 | D:2      | Found a sacrificial altar of Ru.
   815 | D:2      | Reached XP level 5. HP: 47/47 MP: 5/5
   906 | D:2      | Reached skill level 5 in Fighting
  1290 | D:3      | Found a faded altar of an unknown god.
  1299 | D:3      | Reached skill level 6 in Fighting
  1323 | D:3      | Reached XP level 6. HP: 36/58 MP: 6/6
  1331 | D:3      | Reached skill level 7 in Maces & Staves
  1481 | D:3      | Found a runed door.
  1675 | D:3      | Found a burning altar of Makhleb.
  1934 | D:3      | Noticed Crazy Yiuf
  1936 | D:3      | Paralysed by Crazy Yiuf for 4 turns
  1943 | D:3      | Killed Crazy Yiuf
  1943 | D:3      | Reached skill level 8 in Maces & Staves
  1943 | D:3      | Reached XP level 7. HP: 64/64 MP: 8/8
  2051 | D:4      | Found a deep blue altar of Sif Muna.
  2051 | D:4      | Found a shadowy altar of Dithmenos.
  2096 | D:4      | Found an iron altar of Okawaru.
  2156 | D:4      | Reached skill level 9 in Maces & Staves
  2169 | D:4      | Reached skill level 7 in Fighting
  2187 | D:4      | Found a sparkling altar of Nemelex Xobeh.
  2266 | D:4      | Reached *** piety under Trog
  2298 | D:4      | Found a glowing drain.
  2302 | Sewer    | Entered a sewer
  2737 | D:4      | Reached skill level 8 in Fighting
  2737 | D:4      | Reached XP level 8. HP: 74/74 MP: 9/9
  2739 | D:4      | Found a glowing silver altar of Zin.
  2961 | D:5      | Entered Level 5 of the Dungeon
  2965 | D:5      | Found a corrupted altar of Lugonu.
  3227 | D:5      | Reached skill level 9 in Fighting
  3334 | D:5      | Found a bloodstained altar of Trog.
  3441 | D:6      | Reached skill level 10 in Maces & Staves
  3491 | D:6      | Reached skill level 11 in Maces & Staves
  3790 | D:6      | Reached XP level 9. HP: 82/83 MP: 10/10
  3883 | D:6      | Reached skill level 12 in Maces & Staves
  4017 | D:6      | Reached **** piety under Trog
  4167 | D:6      | Reached skill level 13 in Maces & Staves
  4214 | D:6      | Reached skill level 1 in Shields
  4389 | D:7      | Reached skill level 2 in Shields
  4675 | D:7      | Reached skill level 3 in Shields
  4692 | D:7      | Noticed a two-headed ogre
  4699 | D:7      | HP: 3/83 [spiny frog skeleton (8)]
  4701 | D:7      | Slain by a two-headed ogre

Skill      XL: |  1  2  3  4  5  6  7  8  9 |
---------------+----------------------------+-----
Maces & Staves | 4 5 6 8 9 11 13 | 13.8
Fighting       | 4 6 8 9 |  9.3
Shields        | 3 |  3.3
Armour         | |  2.4
Dodging        | |  2.1

Action                   |  1- 3 |  4- 6 |  7- 9 || total
-------------------------+-------+-------+-------++-------
Melee: Mace              |    56 |   133 |    17 ||   206
       Headbutt          |     9 |    20 |    51 ||    80
       Flail             |       |       |   209 ||   209
Invok: Berserk           |       |       |     3 ||     3
  Use: Potion            |       |       |     1 ||     1
 Stab: Sleeping          |     1 |       |       ||     1
Armor: Scale mail        |    27 |    76 |       ||   103
       Chain mail        |       |       |   122 ||   122
Dodge: Dodged            |    23 |    47 |    90 ||   160
Block: Buckler           |       |       |    18 ||    18
